 Dungeon Crawl Stone Soup version 0.29.1-2-gbd0b4ee654 (webtiles) character file.

Game seed: 12876966243455173460

625 Avanven the Cudgeller (level 7, 0/78 HPs)
             Began as a Demonspawn Fighter on Nov 13, 2022.
             Slain by a gnoll
             ... wielding a +0 halberd
              (9 damage)
             ... on level 3 of the Dungeon.
             The game lasted 00:07:31 (5366 turns).

Avanven the Cudgeller (Demonspawn Fighter)          Turns: 5366, Time: 00:07:31

Health: 0/78       AC:  8    Str: 18    XL:     7   Next: 23%
Magic:  7/7        EV:  9    Int:  9    God:
Gold:   194        SH:  5    Dex: 15    Spells: 6/6 levels left

rFire   . . .      SeeInvis .   a - +0 flail (flame)
rCold   . . .      Faith    .   c - +0 buckler
rNeg    . . .      Spirit   .   b - +2 scale mail
rPois   .          Reflect  .   (no helmet)
rElec   .          Harm     .   (no cloak)
rCorr   .          Rampage  .   (no gloves)
Will    .....                   (no boots)
Stlth   ..........              (no amulet)
HPRegen 0.23/turn               (no ring)
MPRegen 0.20/turn               (no ring)

@: berserking, very quick
A: thin skeletal structure 1, foul stench 1, magic regeneration, weakness
stinger 1
a: no special abilities


You were on level 3 of the Dungeon.
You visited 1 branch of the dungeon, and saw 3 of its levels.

You collected 194 gold pieces.

Inventory:

Hand Weapons
 a - a +0 flail of flaming (weapon)
Armour
 b - a +2 scale mail (worn)
 c - a +0 buckler (worn)
Jewellery
 r - a +6 ring of dexterity
Wands
 d - a wand of flame (11)
 p - a wand of polymorph (7)
Scrolls
 g - 2 scrolls of identify
Potions
 f - a potion of curing
 i - a potion of resistance
 n - a potion of degeneration
 o - a potion of attraction
 q - a potion of flight {unknown}


   Skills:
 - Level 3.0 Fighting
 * Level 7.4 Maces & Flails
 - Level 2.6 Armour
 - Level 2.6 Shields


You had 6 spell levels left.
You didn't know any spells.
Your spell library was empty.

Dungeon Overview and Level Annotations

Branches:
Dungeon (3/15)

Altars:

Shops:
D:3 (


Innate Abilities, Weirdness & Mutations

You have a somewhat thin skeletal structure. (Dex +2, Stealth+)
You may rarely emit foul miasma when damaged in melee.
You regenerate magic rapidly.
You have a small tail.


Message History

The gnoll hits you with a +0 flail! The gnoll hits you with a +0 flail.
The gnoll hits you from afar with a +0 halberd!
You barely miss the gnoll.
The gnoll is moderately wounded.
The gnoll hits you but does no damage. x2; You block the gnoll's attack.
You hit the gnoll but do no damage.
The gnoll is moderately wounded.
The gnoll hits you with a +0 flail.
* * * LOW HITPOINT WARNING * * *
The gnoll hits you with a +0 flail!
* * * LOW HITPOINT WARNING * * *
You block the gnoll's attack.
You feel much better. You block the gnoll's attack.
The gnoll completely misses you.
The gnoll hits you from afar with a +0 halberd!
* * * LOW HITPOINT WARNING * * *
Okay, then.
A red film seems to cover your vision as you go berserk!
You feel yourself moving faster!
You feel mighty!
The gnoll hits you but does no damage. x2
The gnoll hits you from afar with a +0 halberd!
* * * LOW HITPOINT WARNING * * *
You sock the gnoll! You burn the gnoll.
You kill the gnoll!
The gnoll hits you but does no damage. The gnoll closely misses you.
You hit the gnoll. You burn the gnoll. You tail-slap the gnoll!
You kill the gnoll!
The gnoll completely misses you.
There is an open door, spattered with blood here.
Items here: ))) †.
You closely miss the gnoll. You block the gnoll's attack.
The orc barely misses you.
You sock the gnoll! You burn the gnoll.
You kill the gnoll!
You block the orc's attack.
Items here: )))) [ †††.
You closely miss the orc.
Your tail-slap misses the orc.
An ogre comes into view. It is wielding a +0 giant club.
The gnoll hits you from afar with a +0 halberd!
You die...

#################################
.................................
....P............................
....~~~~~~~~~~~~~≈~~≈~≈≈~~~≈~≈~~~
....~≈≈≈≈≈≈≈≈≈≈≈≈≈≈≈≈≈≈≈≈~~≈≈≈≈~≈
....≈≈#####~~≈~≈~~~~≈≈~~~~~~~≈~~~
....~≈#...#......................
....≈≈#...#######################
....~≈###'#....)@og.....**,,,,,,,
....~≈~.#.#...)###'#####*******'*
.P..~≈~.#.#....#,*,..,,,,,,,,,,,*
....≈≈~.#.###'##,*,,...,,,,,,,,,*
....~~~.#......#,*,,,.O.,,,,,,,,*
....~≈~.#..)...#,',,,,..,,,,,,,,'
....~≈~.#.######################*
....~≈~.#.#...........#....#....,
....~≈~.#.'...........'....'....,


You could see an ogre, a gnoll and an orc.

Vanquished Creatures
  A scorpion (D:3)
  2 hounds (D:3)
  Terence (D:2)
  An orc wizard (D:3)
  Natasha (thrice) (D:2)
  20 gnolls
  6 adders
  2 worms (D:3)
  4 dart slugs (D:1)
  13 orcs (D:3)
  8 ball pythons
  2 endoplasms
  3 giant cockroaches
  11 goblins
  6 hobgoblins (D:2)
  18 jackals
  7 kobolds
  3 quokkas
  3 bats
  6 rats
120 creatures vanquished.

Vanquished Creatures (others)
  2 fungi (D:3)
  3 plants (D:3)
5 creatures vanquished.

Grand Total: 125 creatures vanquished

Notes
Turn   | Place    | Note
-------+----------+-------------------------------------------
     0 | D:1      | Avanven the Demonspawn Fighter began the quest for the Orb.
     0 | D:1      | Reached XP level 1. HP: 18/18 MP: 1/1
    16 | D:1      | Reached skill level 2 in Maces & Flails
    57 | D:1      | Gained mutation: You may rarely emit foul miasma when
                  | damaged in melee. [demonic ancestry]
    57 | D:1      | Reached XP level 2. HP: 21/24 MP: 2/2
  1113 | D:1      | Found a faded altar of an unknown god.
  1123 | D:1      | Reached skill level 3 in Maces & Flails
  1207 | D:1      | Reached XP level 3. HP: 25/29 MP: 3/3
  2112 | D:2      | Noticed Natasha
  2119 | D:2      | Killed Natasha
  2120 | D:2      | Reached skill level 4 in Maces & Flails
  2120 | D:2      | Gained mutation: You regenerate magic rapidly. [demonic
                  | ancestry]
  2120 | D:2      | Reached XP level 4. HP: 14/35 MP: 4/4
  2965 | D:2      | Noticed Natasha
  2973 | D:2      | Killed Natasha
  3026 | D:2      | Noticed Natasha
  3032 | D:2      | Killed Natasha
  3033 | D:2      | Reached skill level 5 in Maces & Flails
  3033 | D:2      | Gained mutation: You have a small tail. [demonic ancestry]
  3033 | D:2      | Reached XP level 5. HP: 26/41 MP: 5/5
  3352 | D:3      | Noticed Terence
  3357 | D:2      | Killed Terence
  3933 | D:3      | Gained mutation: You have a somewhat thin skeletal
                  | structure. (Dex +2, Stealth+) [demonic ancestry]
  3933 | D:3      | Reached XP level 6. HP: 30/47 MP: 6/6
  4167 | D:3      | Reached skill level 6 in Maces & Flails
  4566 | D:3      | Identified the +7 quarterstaff of Dishonesty {freeze, Dex+3
                  | SInv}
  4652 | D:3      | Found Ovahathratso's Antique Weapon Shoppe.
  5077 | D:3      | Reached skill level 7 in Maces & Flails
  5077 | D:3      | Reached XP level 7. HP: 48/52 MP: 7/7
  5366 | D:3      | Slain by a gnoll

Illustrated notes

Levels and vault maps discovered:
D:1:      lemuel_arrival_behind_the_door_large, layout_basic, serial_bayou,
          serial_bayou_pond_e, serial_bayou_pond_d, serial_bayou_pond_e,
          serial_bayou_pond_d, shapermc_ecumenical_altar_totnotflames
D:2:      cheibrodos_greedy_goblins, layout_loops_corners, uniq_natasha
D:3:      lemuel_castle_with_subvaults [lemuel_castle_interior_carwin_1],
          layout_basic, serial_shops, shop, kennysheep_cross_room,
          chequers_garden, minivault_14, st_stairs_14, uniq_terence

Skill      XL: |  1  2  3  4  5  6 |
---------------+-------------------+-----
Maces & Flails | 2 3 4 5 7 |  7.4
Fighting       | |  3.0
Armour         | |  2.6
Shields        | |  2.6

Action                   |  1- 3 |  4- 6 |  7- 9 || total
-------------------------+-------+-------+-------++-------
Melee: Flail             |   133 |   245 |    49 ||   427
       Tailslap          |       |    22 |     8 ||    30
  Use: Potion            |     1 |     1 |     4 ||     6
       Scroll            |       |    13 |     1 ||    14
Armor: Scale mail        |    55 |   137 |    27 ||   219
       Skin              |       |     3 |       ||     3
Dodge: Dodged            |    63 |   142 |    17 ||   222
Block: Buckler           |    14 |    80 |    14 ||   108
